 Dungeon Crawl Stone Soup version 0.26.1-11-gd32895ea62 (webtiles) character file.

Game seed: 1998959952338442562

785 seveneves the Chopper (level 7, -1/60 HPs)
             Began as a Hill Orc Fighter on July 16, 2021.
             Was an Initiate of Qazlal.
             Killed from afar by hawkwood's ghost (3 damage)
             ... with a magic dart
             ... on level 5 of the Dungeon.
             The game lasted 00:24:47 (3597 turns).

seveneves the Chopper (Hill Orc Fighter)            Turns: 3597, Time: 00:24:50

Health: -1/60      AC: 14    Str: 21      XL:     7   Next: 86%
Magic:  16/16      EV:  4    Int:  5 (8)  God:    Qazlal [......]
Gold:   1028       SH: 11    Dex: 10      Spells: 6/6 levels left

rFire    . . .     SeeInvis .   a - +0 war axe
rCold    . . .     Faith    .   c - +1 kite shield
rNeg     + . .     Spirit   .   e - +1 plate armour
rPois    .         Reflect  .   f - +0 helmet
rElec    .         Harm     .   (no cloak)
rCorr    .         Rampage  .   (no gloves)
Will     .....                  (no boots)
Stlth    ..........             (no amulet)
HPRegen  0.20/turn              m - ring of positive energy
MPRegen  0.15/turn              p - ring of magical power

@: no status effects
A: no striking features
a: Renounce Religion


You were on level 5 of the Dungeon.
You worshipped Qazlal.
Qazlal was noncommittal.
You visited 1 branch of the dungeon, and saw 5 of its levels.

You collected 1028 gold pieces.

Inventory:

Hand Weapons
 a - a +0 war axe (weapon)
 s - a +0 club
 u - a +0 battleaxe
Missiles
 b - 87 bolts
 g - 6 curare-tipped darts
 h - 10 javelins (quivered)
 o - 10 boomerangs
Armour
 c - a +1 kite shield (worn)
 e - a +1 plate armour (worn)
 f - a +0 helmet (worn)
 i - a +0 scale mail
Jewellery
 m - a ring of positive energy (left hand)
 p - a ring of magical power (right hand)
Wands
 n - a wand of paralysis (4)
Scrolls
 k - a scroll of teleportation
 l - 9 scrolls of identify
 q - 7 scrolls of remove curse
 w - a scroll of enchant armour
 x - a scroll of amnesia {unknown}
Potions
 d - a potion of invisibility
 j - 2 potions of curing
 r - a potion of resistance
 t - a potion of heal wounds {unknown}
 v - a potion of might


   Skills:
 + Level 4.8 Fighting
 + Level 7.9 Axes
 + Level 0.3 Throwing
 + Level 5.2 Armour
 + Level 5.5 Shields


You had 6 spell levels left.
You didn't know any spells.
Your spell library contained the following spells:

 Spells                   Type           Power        Failure   Level
 Animate Skeleton         Necr           0%           100%        1
 Apportation              Tloc           0%           100%        1
 Corona                   Hex            0%           100%        1
 Summon Small Mammal      Summ           0%           100%        1
 Ensorcelled Hibernation  Hex/Ice        0%           100%        2
 Confusing Touch          Hex            0%           100%        3
 Dazzling Flash           Conj/Hex       0%           100%        3
 Tukima's Dance           Hex            0%           100%        3


Dungeon Overview and Level Annotations

Branches:
Dungeon (5/15)
 Temple: D:4-7

Altars:
Elyvilon
Fedhas
Gozag
Nemelex Xobeh
Qazlal
Trog
Wu Jian

Annotations:
D:5 1 transporter, hawkwood's ghost, novice NaWz


Message History

The ogre is heavily wounded.
The ogre hits you with a +2 dire flail! You block hawkwood's ghost's attack.
The ogre hits you with a +2 dire flail!
* * * LOW HITPOINT WARNING * * *
You hit hawkwood's ghost but do no damage.
Hawkwood's ghost hits you but does no damage.
You completely miss hawkwood's ghost. Hawkwood's ghost hits you.
* * * LOW HITPOINT WARNING * * *
You slash hawkwood's ghost!
Hawkwood's ghost is lightly damaged.
You barely miss the ogre. You block hawkwood's ghost's attack.
The ogre hits you but does no damage.
You completely miss hawkwood's ghost.
Hawkwood's ghost is lightly damaged.
You slash the ogre! You block hawkwood's ghost's attack.
The ogre hits you with a +2 dire flail!
* * * LOW HITPOINT WARNING * * *
Hawkwood's ghost casts a spell at you. The magic dart hits you.
You die...

..##(####..#....######.<#.#.#.##.
..'........'....'............<...
..##.####..#....######.##.#.#..#.
..##.# #..###### #.##.#...##.
..##.# #..######### #.##.###.##.
...#.# #..........# #.##.# #.##.
...#.#################.##.. .....
...#.#..#.....©O....##.#### #####
...#.#..#.#..#.#@.#.##.# ..
##.#.'..#..##..W##..##.# .##.
#.###..#.W##...##..##.### .##.
#.# #..#.#..#.#..#.#..[.# .##.
#.# #..#©....?$....##.#.####.#..
#.# #################.#....#.#.#
#.# #.....©.©.....#.###....#.#
#.# ######....####.#......<##.#
#.# #........## #.##.#.......#


You could see an ogre and hawkwood's ghost.

Vanquished Creatures
  2 ogres (D:4)
  Blork the orc (D:5)
  A howler monkey (D:5)
  3 hounds
  5 orc wizards
  Jessica (D:3)
  An iguana (D:5)
  A worker ant (D:5)
  Robin (D:3)
  3 gnolls (D:3)
  4 adders
  2 white imps (D:5)
  2 ufetubi (D:5)
  An ooze (D:1)
  3 worms
  3 dart slugs
  17 orcs
  A ball python (D:3)
  3 giant cockroaches
  13 goblins
  10 hobgoblins
  6 jackals
  4 kobolds
  5 bats
  2 frilled lizards (D:3)
  6 rats
101 creatures vanquished.

Notes
Turn   | Place    | Note
-------+----------+-------------------------------------------
     0 | D:1      | seveneves the Hill Orc Fighter began the quest for the Orb.
     0 | D:1      | Reached XP level 1. HP: 19/19 MP: 1/1
    43 | D:1      | Reached XP level 2. HP: 25/27 MP: 2/2
   224 | D:1      | Reached skill level 3 in Axes
   605 | D:2      | Reached XP level 3. HP: 33/33 MP: 3/3
   690 | D:2      | Found a blossoming altar of Fedhas.
   982 | D:2      | Reached skill level 4 in Axes
   982 | D:2      | Reached XP level 4. HP: 38/40 MP: 4/4
  1171 | D:3      | Reached XP level 5. HP: 24/46 MP: 5/5
  1179 | D:3      | Reached skill level 5 in Axes
  1250 | D:3      | Noticed Jessica
  1250 | D:3      | Noticed Robin
  1276 | D:3      | Killed Robin
  1282 | D:3      | Killed Jessica
  1334 | D:3      | Reached XP level 6. HP: 16/52 MP: 6/6
  1404 | D:3      | Found a sparkling altar of Nemelex Xobeh.
  1422 | D:3      | Became a worshipper of Nemelex Xobeh the Trickster
  1567 | D:3      | Found an opulent altar of Gozag.
  1895 | D:4      | Reached skill level 5 in Shields
  1924 | D:4      | Reached skill level 6 in Axes
  1958 | D:4      | Reached XP level 7. HP: 27/60 MP: 7/7
  2200 | D:4      | Reached skill level 7 in Axes
  2298 | D:4      | Found an ornate altar of the Wu Jian Council.
  2313 | D:4      | Found a stormy altar of Qazlal.
  2318 | D:4      | Fell from the grace of Nemelex Xobeh
  2318 | D:4      | Became a worshipper of Qazlal Stormbringer
  2725 | D:5      | Entered Level 5 of the Dungeon
  2782 | D:5      | Reached skill level 5 in Armour
  2955 | D:5      | Found a bloodstained altar of Trog.
  3096 | D:5      | Noticed Blork the orc
  3098 | D:5      | Found a white marble altar of Elyvilon.
  3112 | D:5      | Killed Blork the orc
  3231 | D:5      | Identified a scroll of acquirement
  3232 | D:5      | Acquired 862 gold pieces
  3402 | D:5      | Found a transporter.
  3402 | D:5      | Noticed hawkwood's ghost (novice NaWz)
  3407 | D:5      | Found a transporter.
  3597 | D:5      | HP: 2/60 [ogre/+2 dire flail (13)]
  3597 | D:5      | Killed from afar by hawkwood's ghost

Illustrated notes

Levels and vault maps discovered:
D:1:      lightli_arrival_statue_moat, layout_rooms
D:2:      layout_rooms, fedhas_altar_3
D:3:      layout_basic, nicolae_overflow_crystal_walls,
          nemelex_xobeh_ov_fountains_minmay, uniq_robin, uniq_jessica
D:4:      layout_loops_ring, minitemple
D:5:      layout_basic, elyvilon_altar_4, old_standard_altar,
          gammafunk_ghost_smash, uniq_blork_the_orc

Skill      XL: |  1  2  3  4  5  6  7 |
---------------+----------------------+-----
Axes           | 3 4 5 6 7 |  7.9
Fighting       | 4 |  4.8
Shields        | 4 5 |  5.5
Armour         | 4 5 |  5.2
Throwing       | |  0.3

Action                   |  1- 3 |  4- 6 |  7- 9 || total
-------------------------+-------+-------+-------++-------
Melee: War axe           |    88 |   170 |   111 ||   369
Throw: Javelin           |     1 |     4 |     1 ||     6
       Boomerang         |       |     2 |       ||     2
       Dart              |       |     2 |       ||     2
  Use: Potion            |     4 |     4 |       ||     8
       Scroll            |       |     6 |     4 ||    10
Armor: Scale mail        |     3 |       |       ||     3
       Plate armour      |    68 |    98 |    49 ||   215
Dodge: Dodged            |    15 |    15 |    11 ||    41
Block: Kite shield       |    49 |    81 |    69 ||   199
